 Dungeon Crawl Stone Soup version 0.25-a0-366-g516bc45ae0 (webtiles) character file.

Game seed: 4210922911661964401, levelgen mode: deterministic

778 Flugslaktarn the Poker (level 7, 44/44 HPs)
             Began as a Tengu Fighter on Jan 6, 2020.
             Quit the game on level 4 of the Dungeon.
             The game lasted 00:05:25 (4789 turns).

Flugslaktarn the Poker (Tengu Fighter)              Turns: 4789, Time: 00:05:25

Health: 44/44      AC:  0    Str: 16    XL:     7   Next: 85%
Magic:  9/9        EV: 14    Int:  9    God:
Gold:   137        SH:  0    Dex: 15    Spells: 6/6 levels left

rFire    . . .     SeeInvis .   a - +0 trident
rCold    . . .     Gourm    .   (no shield)
rNeg     . . .     Faith    .   (no armour)
rPois    .         Spirit   .   (helmet restricted)
rElec    .         Reflect  .   (no cloak)
rCorr    .         Harm     .   (no gloves)
MR       .....                  (boots unavailable)
Stlth    +.........             (no amulet)
HPRegen  0.14/turn              (no ring)
MPRegen  0.11/turn              (no ring)

@: no status effects
A: beak, talons 3, able to fly
a: Fly


You were on level 4 of the Dungeon.
You were near starving.

You visited 1 branch of the dungeon, and saw 7 of its levels.

You collected 233 gold pieces.
You spent 96 gold pieces at shops.

Inventory:

Hand Weapons
 a - a +0 trident (weapon)
Missiles
 v - 11 poisoned darts (quivered)
Armour
 b - a +0 scale mail
 c - a +0 shield
 i - a +0 pair of gloves
   (You found it on level 1 of the Dungeon)
 o - a +0 plate armour
   (You found it on level 2 of the Dungeon)
Jewellery
 g - a +4 ring of intelligence {unknown}
   (You found it on level 4 of the Dungeon)
Wands
 j - a wand of acid (2)
   (You found it on level 2 of the Dungeon)
Scrolls
 f - 2 scrolls of noise {unknown}
 h - 4 scrolls of fear {unknown}
 k - a scroll of amnesia {unknown}
 r - 4 scrolls of remove curse {unknown}
 u - a scroll of summoning {unknown}
 x - a scroll of blinking {unknown}
Potions
 d - a potion of might
 l - a potion of flight
 n - a potion of resistance
 p - a potion of ambrosia
 q - 4 potions of curing
 s - a potion of agility
 w - a potion of heal wounds
 z - 3 potions of mutation
Comestibles
 e - 9 rations


   Skills:
 + Level 5.0 Fighting
 * Level 6.5 Polearms
 + Level 3.8 Armour
 - Level 3.5 Dodging
 - Level 3.0 Shields
 * Level 2.3 Evocations


You had 6 spell levels left.
You didn't know any spells.
Your spell library was empty.

Dungeon Overview and Level Annotations

Branches:
Dungeon (7/15)             Temple (0/1) D:4

Altars:
Cheibriados
Fedhas
Gozag

Shops:
D:4 ?

Annotations:
D:3 1 exclusion


Innate Abilities, Weirdness & Mutations

You have a beak for a mouth.
You have claws for feet.
You can fly continuously.


Message History

You finish taking off your +0 plate armour.
Take off which item? (? for menu, Esc to quit)
You start removing your armour.
You continue taking off your +0 pair of gloves. x4
You finish taking off your +0 pair of gloves.
Okay, then.
You float gracefully downwards.
Really quaff the potion of lignification?
You turn into a tree.
Your roots penetrate the ground.
You start waiting.
Your transformation is almost over.
Unknown command.
You start waiting.
You feel less wooden.
You start waiting.
You are near starving!
Unknown command.
Save game and exit?
Okay, then.
Are you sure you want to abandon this character and quit the game? (Confirm with "yes".)

#.##.##......#.
#.##.##.....##.
#..............
##########.#### #.#
#.# #.# ###########
#.# #.....@...# #.#
#.#######.# #.# #)#
#.# #.# #♣ #.#
#####.##### #.##♣.
#.# #.........#
##..'.. #.#
#.###.###.###...#♣.
#.# #.# #.#
#.##....##♣
#.###.###.#
#.......#
#.........#
######.##


There were no monsters in sight!

Vanquished Creatures
  A phantom (D:4)
  An ogre (D:5)
  A centaur (D:5)
  A scorpion (D:5)
  3 hounds
  An orc priest (D:5)
  5 orc wizards
  An iguana (D:4)
  2 worker ants
  A hound skeleton (D:5)
  A worker ant zombie (D:5)
  3 adders
  An ooze (D:3)
  3 worms
  3 dart slugs
  3 leopard geckos
  11 orcs
  5 giant cockroaches
  6 goblins
  8 hobgoblins
  11 kobolds
  2 ball pythons
  6 bats
  A frilled lizard (D:1)
  7 rats
88 creatures vanquished.

Vanquished Creatures (others)
  10 toadstools (D:3)
10 creatures vanquished.

Grand Total: 98 creatures vanquished

Notes
Turn   | Place    | Note
-------+----------+-------------------------------------------
     0 | D:1      | Flugslaktarn the Tengu Fighter began the quest for the Orb.
     0 | D:1      | Reached XP level 1. HP: 14/14 MP: 2/2
    16 | D:1      | You fall into a shaft and drop 1 floor!
    71 | D:1      | Reached XP level 2. HP: 19/19 MP: 3/3
   127 | D:1      | Reached skill level 1 in Dodging
   347 | D:1      | Reached skill level 3 in Polearms
   592 | D:1      | Reached XP level 3. HP: 23/23 MP: 4/4
  1576 | D:2      | Found a blossoming altar of Fedhas.
  1677 | D:3      | Found an opulent altar of Gozag.
  1764 | D:3      | Reached XP level 4. HP: 23/28 MP: 5/5
  1993 | D:3      | Found a snail-covered altar of Cheibriados.
  2138 | D:3      | Reached skill level 4 in Polearms
  2666 | D:3      | Gained mutation: You can fly continuously. [Tengu growth]
  2666 | D:3      | Reached XP level 5. HP: 33/33 MP: 6/6
  2775 | D:4      | Found a staircase to the Ecumenical Temple.
  3019 | D:4      | You fall into a shaft and drop 3 floors!
  3100 | D:5      | Entered Level 5 of the Dungeon
  3110 | D:5      | Reached XP level 6. HP: 34/38 MP: 7/7
  3205 | D:6      | Reached skill level 5 in Polearms
  3549 | D:5      | Reached XP level 7. HP: 10/44 MP: 8/8
  3858 | D:5      | Reached skill level 6 in Polearms
  3952 | D:4      | Reached skill level 1 in Evocations
  4269 | D:4      | Found Pyohoim's Magic Scroll Shop.
  4276 | D:4      | Bought a scroll of identify for 24 gold pieces
  4276 | D:4      | Bought a scroll of identify for 24 gold pieces
  4276 | D:4      | Bought a scroll of identify for 24 gold pieces
  4276 | D:4      | Bought a scroll of identify for 24 gold pieces
  4473 | D:4      | Reached skill level 5 in Fighting
  4789 | D:4      | Quit the game

Levels and vault maps discovered:
D:1:      dpeg_arrival_long_road, layout_basic
D:2:      layout_basic, marbit_many_paths, first_ration
D:3:      cheibrodos_fertilizer, layout_basic, lemuel_crystal_altar,
          kennysheep_slug_shrine
D:4:      layout_loops_corners, minmay_temple_entry_enclosed_plants,
          serial_shops, shop
D:5:      layout_cave_pools, nicolae_tso_swordbearing_angel, minmay_puff
D:6:      layout_loops_corners, overflow_temple_1_default, basic_altar
D:7:      layout_basic, lemuel_coloured_pillars_altar, the_bakery,
          nrook_mini_vaults, nicolae_elemental_shop

Skill      XL: |  1  2  3  4  5  6  7 |
---------------+----------------------+-----
Dodging        | 1 2 3 |  3.5
Polearms       | 3 4 5 6 |  6.5
Fighting       | 4 5 |  5.0
Evocations     | 2 |  2.3
Armour         | |  3.8
Shields        | |  3.0

Action                   |  1- 3 |  4- 6 |  7- 9 || total
-------------------------+-------+-------+-------++-------
Melee: Trident           |    89 |   101 |    85 ||   275
       Kick              |    12 |    24 |    26 ||    62
       Peck              |     6 |    15 |    17 ||    38
Throw: Dart              |       |     3 |       ||     3
 Abil: Fly               |       |       |     1 ||     1
       Stop Flying       |       |       |     1 ||     1
Evoke: Wand              |       |       |     1 ||     1
  Use: Scroll            |       |       |     8 ||     8
       Potion            |       |       |     3 ||     3
  Eat: Chunk             |     3 |     5 |     3 ||    11
Armor: Scale mail        |    19 |       |       ||    19
       Plate armour      |    10 |    46 |    40 ||    96
Dodge: Dodged            |    18 |     7 |     8 ||    33
Block: Shield            |    32 |    28 |    33 ||    93

Table legend:
 A = Non-vault XP
 B = Vault XP
 C = Vault XP percentage of total XP
 D = Non-vault monster count
 E = Vault monster count
 F = Vault count percentage of total count
                 A         B        C        D         E       F
            +---------+---------+-------+---------+---------+-------
      Total |    1088 |      24 |   2.2 |      77 |      11 |  12.5
            +---------+---------+-------+---------+---------+-------
        D:1 |      38 |       0 |   0.0 |      21 |       0 |   0.0
        D:2 |      18 |       2 |  10.0 |       7 |       1 |  12.5
        D:3 |      85 |      22 |  20.6 |      20 |      10 |  33.3
        D:4 |     457 |       0 |   0.0 |      15 |       0 |   0.0
        D:5 |     442 |       0 |   0.0 |      12 |       0 |   0.0
        D:6 |      48 |       0 |   0.0 |       2 |       0 |   0.0
            +---------+---------+-------+---------+---------+-------
